 Dungeon Crawl Stone Soup version 0.27-a0-1548-gf8a67e7463 (webtiles) character file.

Game seed: 12262720207356830120

154872 Wyvernaa the Unseen (level 17, -4/85 HPs)
             Began as a Vine Stalker Fighter on July 12, 2021.
             Was a Follower of Uskayaw.
             Slain by a wolf spider (8 damage)
             ... on level 1 of the Spider Nest on July 13, 2021.
             The game lasted 01:33:46 (28330 turns).

Wyvernaa the Unseen (Vine Stalker Fighter)         Turns: 28330, Time: 01:33:48

Health: -4/85      AC: 20    Str: 30    XL:     17   Next: 63%
Magic:  0/33       EV:  7    Int:  6    God:    Uskayaw [*.....]
Gold:   1132       SH:  0    Dex: 21    Spells: 38/38 levels left

rFire    + + .     SeeInvis +   E - +7 great mace "Firestarter" {inner flame, rF++}
rCold    + + .     Faith    .   (shield currently unavailable)
rNeg     + . .     Spirit   +   J - +2 scale mail {rN+}
rPois    +         Reflect  +   L - +2 helmet {SInv}
rElec    +         Harm     .   P - scarf {shadows}
rCorr    .         Rampage  .   c - +2 pair of gloves
Will     +++..                  T - +2 pair of boots
Stlth    ++++++....             r - amulet of Past Mistakes {Reflect rC++ Str+6 Int-3 Slay+3 SH+5}
HPRegen  1.24/turn              Q - ring of poison resistance
MPRegen  0.23/turn              Z - ring "Timyts" {Drain rElec Will+ Dex+6}

@: about to teleport, held, slowed, very slow
A: fangs 3, regeneration 1, magic shield, antimagic bite, no potion heal 2
a: Renounce Religion, Stomp


You were on level 1 of the Spider Nest.
You worshipped Uskayaw.
Uskayaw was aware of your devotion.
You visited 7 branches of the dungeon, and saw 28 of its levels.
You also visited: Gauntlet and Volcano.

You collected 2768 gold pieces.
You spent 1636 gold pieces at shops.

Inventory:

Hand Weapons
 w - a +2 whip of electrocution
 B - the +11 morningstar "With Two Names" {vorpal, rCorr Str+4 Int+2 Dex-3}
   (You found it on level 6 of the Lair of Beasts)

   It inflicts extra damage upon your enemies.
   Str:       It affects your strength (+4).
   Int:       It affects your intelligence (+2).
   Dex:       It affects your dexterity (-3).
   rCorr:     It protects you from acid and corrosion.
 E - the +7 great mace "Firestarter" (weapon) {inner flame, rF++}
   (You found it on level 1 of the Shoals)

   It has been specially enchanted to burn those struck by it, causing extra
   injury to most foes and up to half again as much damage against particularly
   susceptible opponents.
   rF:        It greatly protects you from fire.
Missiles
 X - a throwing net (quivered)
Armour
 c - a +2 pair of gloves (worn)
 J - a +2 scale mail of positive energy (worn)
 L - a +2 helmet of see invisible (worn)
 P - a scarf of shadows (worn)
 T - a +2 pair of boots (worn)
 V - a +2 kite shield of cold resistance
Jewellery
 f - a ring of protection from fire
 i - the ring of Balance {rN+ MP+9}
   (You found it in a Gauntlet)

   [ring of magical power]

   rN:        It protects you from negative energy.
   MP:        It affects your magic capacity (+9).
 r - the amulet of Past Mistakes (around neck) {Reflect rC++ Str+6 Int-3 Slay+3 SH+5}
   (You acquired it on level 9 of the Dungeon)

   [amulet of reflection]

   It reflects blocked missile attacks.
   Str:       It affects your strength (+6).
   Int:       It affects your intelligence (-3).
   Slay:      It affects your accuracy & damage with ranged weapons and melee
   (+3).
   rC:        It greatly protects you from cold.
   SH:        It affects your SH (+5).
 u - a +6 ring of strength
 x - an amulet of magic regeneration
 A - a ring of ice
 Q - a ring of poison resistance (left hand)
 Y - a ring of flight
 Z - the ring "Timyts" (right hand) {Drain rElec Will+ Dex+6}
   (You bought it in a shop on level 15 of the Dungeon)

   [ring of dexterity]

   Dex:       It affects your dexterity (+6).
   rElec:     It insulates you from electricity.
   Drain:     It drains your maximum health when unequipped.
   Will:      It increases your willpower.
Wands
 b - a wand of paralysis (8)
 d - a wand of flame (50)
 j - a wand of iceblast (12)
 k - a wand of polymorph (31)
 m - a wand of digging (9)
 t - a wand of acid (20)
 R - a wand of charming (17)
 S - a wand of mindburst (17)
Scrolls
 a - 3 scrolls of summoning
 e - 3 scrolls of magic mapping
 h - 7 scrolls of identify
 n - a scroll of silence
 s - 2 scrolls of brand weapon
 v - 11 scrolls of teleportation
 y - a scroll of holy word
 z - a scroll of fear
 K - a scroll of enchant weapon
 M - a scroll of enchant armour
 N - 3 scrolls of fog
Potions
 g - 12 potions of curing
 l - a potion of magic
 o - 5 potions of brilliance
 p - 2 potions of resistance
 C - a potion of might
 D - 2 potions of mutation
 H - a potion of cancellation
 I - 2 potions of haste
 U - a potion of ambrosia
 W - 2 potions of flight


   Skills:
 + Level 8.2 Fighting
 * Level 14.4 Maces & Flails
 + Level 7.9 Armour
 + Level 5.2 Dodging
 * Level 17.5 Stealth
 - Level 10.5 Shields
 * Level 11.1 Spellcasting
 * Level 11.2 Invocations


You had 38 spell levels left.
You didn't know any spells.
Your spell library contained the following spells:

 Spells                   Type           Power      Damage    Failure   Level
 Beastly Appendage        Tmut           6%         N/A       30%         1
 Summon Small Mammal      Summ           12%        N/A       30%         1
 Ensorcelled Hibernation  Hex/Ice        6%         N/A       41%         2
 Sublimation of Blood     Necr           1%         N/A       41%         2
 Wereblood                Tmut           3%         N/A       41%         2
 Gell's Gravitas          Tloc           1%         N/A       65%         3
 Inner Flame              Hex/Fire       3%         N/A       65%         3
 Lesser Beckoning         Tloc           1%         N/A       65%         3
 Spider Form              Tmut/Pois      1%         N/A       65%         3
 Stone Arrow              Conj/Erth      6%         3d7       65%         3
 Teleport Other           Tloc           3%         N/A       65%         3
 Animate Armour           Summ/Erth      6%         N/A       96%         4
 Animate Dead             Necr           1%         N/A       96%         4
 Cause Fear               Hex            1%         N/A       96%         4
 Fulminant Prism          Conj/Hex       1%         3d6       96%         4
 Iskenderun's Mystic Bla  Conj/Tloc      3%         2d3       96%         4
 Petrify                  Tmut/Erth      3%         N/A       96%         4
 Bolt of Magma            Conj/Fire/Erth 1%         4d4       100%        5
 Borgnjor's Vile Clutch   Necr/Erth      1%         N/A       100%        5
 Irradiate                Conj/Tmut      1%         3d14      100%        5
 Lee's Rapid Deconstruct  Erth           1%         3d5*      100%        5
 Summon Forest            Summ/Tloc      1%         N/A       100%        5
 Summon Mana Viper        Hex/Summ       3%         N/A       100%        5
 Death Channel            Necr           1%         N/A       100%        6
 Shadow Creatures         Summ           N/A        N/A       100%        6
 Borgnjor's Revivificati  Necr           1%         N/A       100%        8
 Discord                  Hex            1%         N/A       100%        8
 Necromutation            Tmut/Necr      1%         N/A       100%        8
 Death's Door             Necr           1%         N/A       100%        9
 Shatter                  Erth           1%         3d6*      100%        9


Dungeon Overview and Level Annotations

Branches:
Dungeon (15/15)            Temple (1/1) D:5            Lair (6/6) D:8
 Shoals (2/4) Lair:2       Spider (1/4) Lair:3        Slime (0/5) Lair:6
    Orc (2/2) D:10            Elf (1/3) Orc:2        Vaults (0/5) D:14
 Depths (0/5) D:15        Volcano (visited)         Gauntlet (visited)

Altars:
Ashenzari
Cheibriados
Dithmenos
Elyvilon
Fedhas
Gozag
Hepliaklqana
Kikubaaqudgha
Makhleb
Nemelex Xobeh
Okawaru
Qazlal
Ru
Sif Muna
Trog
Uskayaw
Vehumet
Wu Jian
Xom
Yredelemnul
Zin
The Shining One

Shops:
D:13 :   D:15 =:?*   Orc:2 :*!

Annotations:
D:11 ring of flight for mystery place
Lair:3 exclusion: oklob plant
Lair:4 1 runed translucent door, Dittersdorf's ghost, journeyman GrFi
Spider:1 Jorgrun


Innate Abilities, Weirdness & Mutations

You have razor-sharp teeth.
Your natural rate of healing is unusually fast.
When hurt, damage is shared between your health and your magic reserves.
Your bite disrupts and absorbs the magic of your enemies.
Potions cannot restore your health.


Message History

The jumping spider pounces on you but does no damage.
The jumping spider bites you but does no damage.
The jumping spider pounces on you but does no damage.
The jumping spider bites you but does no damage.
The demonic crawler hits you. The demonic crawler barely misses you.
The demonic crawler hits you.
The moth of wrath bites you but does no damage.
The jumping spider pounces on you!
The jumping spider bites you but does no damage.
The jumping spider pounces on you!
You are caught in a web!
The jumping spider bites you. The jumping spider pounces on you!
* * * LOW HITPOINT WARNING * * *
The jumping spider bites you but does no damage.
The demonic crawler hits you but does no damage.
The demonic crawler hits you.
* * * LOW HITPOINT WARNING * * *
The demonic crawler closely misses you. The jumping spider pounces on you!
* * * LOW HITPOINT WARNING * * *
The jumping spider bites you but does no damage.
The moth of wrath bites you but does no damage.
Jorgrun Earthshaker comes into view.
He is wielding a +0 vorpal quarterstaff and wearing a +2 robe of the Archmagi.
The jumping spider pounces on you but does no damage.
The jumping spider bites you.
* * * LOW HITPOINT WARNING * * *
The demonic crawler hits you but does no damage. x3
The moth of wrath goads the wolf spider on!
The wolf spider goes berserk!
Okay, then.
As you read the scroll of teleportation, it crumbles to dust.
You feel strangely unstable. The jumping spider pounces on you.
* * * LOW HITPOINT WARNING * * *
You are even more entangled.
The jumping spider completely misses you.
The wolf spider hits you!
* * * LOW HITPOINT WARNING * * *
The wolf spider barely misses you. The jumping spider pounces on you!
* * * LOW HITPOINT WARNING * * *
The jumping spider bites you but does no damage.
The jumping spider barely misses you. x2; The wolf spider hits you!
You die...

.......†##
...#.....#
...##....##
.....g.....##
..............#
...............##
............^....#
........#.....#ys≈#
..............ss@≈#
.....#.....#...ss##
.................#
................##
............w..##
#......#.......#
....#........≈.#
....^..#....≈≈≈#
...........###≈#


You could see Jorgrun, a torpor snail, a demonic crawler, a wolf spider
(berserk), a moth of wrath and 3 jumping spiders.

Vanquished Creatures
  Frances (D:14)
  Kirke (D:15)
  Roxanne (D:14)
  Nessos (D:15)
  A deep elf demonologist (Elf:1)
  A bunyip (shapeshifter) (D:14)
  An entropy weaver (Lair:3)
  Azrael (D:14)
  A minotaur (Gauntlet)
  7 dire elephants
  A deep elf death mage (Elf:1)
  3 merfolk javelineers (Shoals:1)
  Josephine (Shoals:1)
  4 merfolk impalers
  2 fire dragons (D:15)
  8 hydras
  The ghost of indyram44 the Blocker, a journeyman DsFi of Okawaru (D:10)
  3 ogre magi
  A merfolk avatar (Shoals:1)
  2 boulder beetles
  4 centaur warriors
  A merfolk aquamancer (Shoals:1)
  A catoblepas (Gauntlet)
  18 two-headed ogres
  2 dancing weapons (Elf:1)
  5 tengu warriors
  Urug (Lair:2)
  A spectral dire elephant (Lair:6)
  A wretched star (Gauntlet)
  3 spectral death yaks (Lair:6)
  A spectral anaconda (Lair:6)
  A fire crab (Volcano)
  3 skeletal warriors (D:14)
  2 deep trolls (Orc:2)
  2 sea snakes
  3 deep elf archers (Elf:1)
  A lindwurm (Volcano)
  An obsidian statue (Lair:6)
  Pikel (D:8)
  4 wolf spiders
  8 deep elf zephyrmancers (Elf:1)
  14 deep elf pyromancers
  4 necromancers (Lair:6)
  3 orb spiders
  An orc sorcerer (Elf:1)
  3 fauns (Shoals:1)
  5 manticores
  7 cyclopes
  8 ugly things
  24 elephants
  A salamander (D:15)
  4 merfolk sirens (Shoals:1)
  A dire elephant zombie (Lair:6)
  A water nymph (Shoals:1)
  4 black mambas
  5 gargoyles
  3 torpor snails
  Maggie (Lair:1)
  A molten gargoyle (Volcano)
  A minotaur zombie (Gauntlet)
  3 kobold demonologists
  2 unseen horrors
  2 dire elephant skeletons (Lair:6)
  A komodo dragon (shapeshifter) (D:14)
  11 cane toads
  A rime drake (Lair:2)
  5 komodo dragons
  A demonic crawler (Lair:3)
  12 trolls
  3 meliai (D:15)
  4 polar bears
  2 hornets
  2 jumping spiders (Lair:3)
  15 blink frogs
  7 merfolk
  5 wind drakes (Shoals:1)
  5 slime creatures
  3 snapping turtles (Shoals:1)
  5 dream sheep (Lair:6)
  3 spectral elephants (Lair:6)
  7 redbacks
  A vampire (D:13)
  2 shadows
  4 tarantellas
  5 wraiths
  A wyvern (D:10)
  The ghost of DocClef the Covert, an amateur GnDe (D:4)
  5 fire elementals (D:14)
  5 water elementals
  2 humans (D:8)
  A human (shapeshifter) (D:14)
  57 yaks
  4 basilisks
  6 fire bats (Volcano)
  A hog (D:15)
  A dire elephant simulacrum (Lair:6)
  A steam dragon (Volcano)
  2 wargs
  2 acid dragons
  4 spectral cane toads (Lair:6)
  13 vampire mosquitoes
  13 water moccasins
  5 hell hounds
  Duvessa (D:4)
  A black bear (shapeshifter) (D:15)
  3 elephant zombies (Lair:6)
  3 sky beasts
  18 orc warriors
  An ice beast (D:7)
  5 black bears
  17 wolves
  24 ogres
  13 centaurs
  A phantom (D:7)
  7 kobold brigands
  4 elephant skeletons (Lair:6)
  10 bullfrogs
  Blork the orc (D:4)
  2 small abominations (Gauntlet)
  2 scorpions
  3 cane toad simulacra (Lair:6)
  Dowan (D:4)
  A hornet simulacrum (D:14)
  2 elephant simulacra (Lair:6)
  15 killer bees
  15 wights
  2 howler monkeys (D:7)
  6 electric eels
  4 lava snakes (Volcano)
  2 centaur zombies
  A bullfrog zombie (D:6)
  2 jellies
  15 orc priests
  A centaur skeleton (D:6)
  2 hounds (D:6)
  18 orc wizards
  Natasha (thrice) (D:4)
  6 iguanas
  Ijyb (D:4)
  4 hound skeletons
  2 howler monkey zombies
  11 gnolls
  7 adders
  A white imp (D:4)
  An ufetubus (D:5)
  2 worms
  4 dart slugs
  74 orcs
  8 ball pythons
  6 bats
  10 endoplasms
  4 giant cockroaches
  4 goblins
  9 hobgoblins
  2 jackals (D:1)
  4 quokkas
  A frilled lizard (D:1)
  34 kobolds
  6 rats
839 creatures vanquished.

Vanquished Creatures (others)
  A human (D:15)
  A bush (Lair:3)
  18 fungi
  83 plants
  16 withered plants
119 creatures vanquished.

Grand Total: 958 creatures vanquished

Notes
Turn   | Place    | Note
-------+----------+-------------------------------------------
     0 | D:1      | Wyvernaa the Vine Stalker Fighter began the quest for the
                  | Orb.
     0 | D:1      | Reached XP level 1. HP: 11/11 MP: 2/2
   137 | D:1      | Reached XP level 2. HP: 11/16 MP: 1/3
   753 | D:1      | Reached XP level 3. HP: 16/20 MP: 5/5
   820 | D:1      | Reached skill level 1 in Spellcasting
  1627 | D:2      | Gained mutation: Your natural rate of healing is unusually
                  | fast. [Vine Stalker growth]
  1627 | D:2      | Reached XP level 4. HP: 10/24 MP: 6/6
  1768 | D:2      | Found a faded altar of an unknown god.
  1848 | D:2      | Reached skill level 1 in Stealth
  2377 | D:3      | Reached XP level 5. HP: 28/28 MP: 6/8
  2608 | D:3      | Found a shimmering altar of Xom.
  2967 | D:3      | Found a sparkling altar of Nemelex Xobeh.
  3006 | D:3      | Found a basalt altar of Yredelemnul.
  3042 | D:3      | Found a shimmering blue altar of Sif Muna.
  3347 | D:4      | Reached skill level 2 in Stealth
  3347 | D:4      | Reached XP level 6. HP: 32/32 MP: 9/9
  3359 | D:4      | Noticed Blork the orc
  3374 | D:4      | Killed Blork the orc
  3634 | D:4      | Noticed a black bear
  3641 | D:4      | Killed a black bear
  3657 | D:4      | Noticed Natasha
  3667 | D:4      | Reached XP level 7. HP: 36/36 MP: 9/11
  3668 | D:4      | Killed Natasha
  3797 | D:4      | Noticed Natasha
  3804 | D:4      | Killed Natasha
  3879 | D:4      | Noticed Natasha
  3887 | D:4      | Noticed Duvessa
  3912 | D:3      | Reached skill level 3 in Stealth
  4078 | D:4      | Noticed Dowan
  4094 | D:4      | Killed Dowan
  4123 | D:4      | Killed Duvessa
  4124 | D:4      | Reached skill level 1 in Dodging
  4207 | D:4      | Killed Natasha
  4234 | D:4      | Found a runed translucent gate.
  4234 | D:4      | Found a runed translucent gate.
  4234 | D:4      | Found a runed translucent gate.
  4234 | D:4      | Noticed DocClef's ghost (amateur GnDe)
  4353 | D:5      | Entered Level 5 of the Dungeon
  4468 | D:5      | Reached skill level 5 in Maces & Flails
  4468 | D:5      | Gained mutation: You have razor-sharp teeth. [Vine Stalker
                  | growth]
  4468 | D:5      | Reached XP level 8. HP: 41/41 MP: 13/13
  4518 | D:5      | Noticed Ijyb
  4538 | D:4      | Killed Ijyb
  4954 | D:5      | Reached skill level 4 in Stealth
  4976 | D:5      | Found a shadowy altar of Dithmenos.
  5062 | D:5      | Found a staircase to the Ecumenical Temple.
  5170 | Temple   | Entered the Ecumenical Temple
  5232 | Temple   | Became a worshipper of Uskayaw the Reveller
  5328 | D:6      | Reached * piety under Uskayaw
  5391 | D:6      | Reached ** piety under Uskayaw
  5428 | D:6      | Reached *** piety under Uskayaw
  5908 | D:7      | Reached XP level 9. HP: 41/45 MP: 13/15
  5970 | D:7      | Reached skill level 5 in Stealth
  5979 | D:7      | Reached **** piety under Uskayaw
  6070 | D:6      | Reached skill level 1 in Invocations
  6327 | D:7      | Found a snail-covered altar of Cheibriados.
  6327 | D:7      | Found a burning altar of Makhleb.
  6327 | D:7      | Found a hazy altar of Hepliaklqana.
  6327 | D:7      | Found a stormy altar of Qazlal.
  6345 | D:7      | Found a bloodstained altar of Trog.
  6350 | D:7      | Found a glowing silver altar of Zin.
  7115 | D:8      | Reached skill level 6 in Stealth
  7306 | D:8      | Noticed an elephant
  7307 | D:8      | Found a staircase to the Lair.
  7331 | D:8      | Killed an elephant
  7332 | D:8      | Reached skill level 5 in Shields
  7332 | D:8      | Reached XP level 10. HP: 38/51 MP: 18/18
  7343 | D:8      | Reached ***** piety under Uskayaw
  7348 | D:8      | Reached skill level 5 in Spellcasting
  7354 | D:8      | Reached ****** piety under Uskayaw
  7594 | D:8      | Noticed Pikel
  7611 | D:8      | Killed Pikel
  8063 | D:8      | Found an iron altar of Okawaru.
  8079 | D:8      | Reached skill level 7 in Stealth
  8444 | D:9      | Reached skill level 5 in Armour
  8831 | D:9      | Noticed a kobold demonologist
  8845 | D:9      | Killed a kobold demonologist
  9174 | D:9      | Identified a scroll of acquirement
  9176 | D:9      | Acquired the amulet of Past Mistakes {Reflect rC++ Str+6
                  | Int-3 Slay+3 SH+5}
  9206 | D:10     | Entered Level 10 of the Dungeon
  9253 | D:10     | Reached XP level 11. HP: 54/54 MP: 20/20
  9286 | D:10     | Found a staircase to the Orcish Mines.
  9382 | D:10     | Reached skill level 8 in Stealth
  9499 | D:10     | Noticed a two-headed ogre
  9507 | D:10     | Killed a two-headed ogre
  9508 | D:10     | Reached skill level 5 in Fighting
  9548 | D:10     | Noticed a boulder beetle
  9565 | D:10     | Killed a boulder beetle
  9566 | D:10     | Reached skill level 5 in Invocations
  9580 | D:10     | Noticed a cyclops
  9584 | D:10     | Killed a cyclops
  9787 | D:10     | Noticed a two-headed ogre
  9796 | D:10     | Killed a two-headed ogre
  9880 | D:10     | Found a large runed translucent door.
  9881 | D:10     | Found a large runed translucent door.
  9884 | D:10     | Noticed indyram44's ghost (journeyman DsFi)
 10321 | D:11     | Found a gate leading to a gauntlet.
 10327 | Gauntlet | Entered a Gauntlet
 10327 | Gauntlet | Found a transporter.
 10327 | Gauntlet | Found a transporter.
 10327 | Gauntlet | Found a transporter.
 10327 | Gauntlet | Noticed a catoblepas
 10349 | Gauntlet | Found a transporter.
 10350 | Gauntlet | Found a transporter.
 10353 | Gauntlet | Found a transporter.
 10394 | Gauntlet | Found a transporter.
 10397 | Gauntlet | Found a transporter.
 10401 | Gauntlet | Noticed a death drake
 10405 | Gauntlet | Found a transporter.
 10406 | Gauntlet | Noticed a tengu warrior
 10421 | Gauntlet | Found a large runed translucent door.
 10422 | Gauntlet | Found a large runed translucent door.
 10423 | Gauntlet | Found a large runed translucent door.
 10423 | Gauntlet | Found a large runed translucent door.
 10424 | Gauntlet | Found a runed translucent gate.
 10424 | Gauntlet | Noticed a wretched star
 10425 | Gauntlet | Found a transporter.
 10425 | Gauntlet | Found a runed translucent gate.
 10426 | Gauntlet | Found a runed translucent gate.
 10427 | Gauntlet | Found a large runed translucent door.
 10427 | Gauntlet | Found a large runed translucent door.
 10428 | Gauntlet | Found a large runed translucent door.
 10429 | Gauntlet | Found a large runed translucent door.
 10440 | Gauntlet | Found a large runed translucent door.
 10440 | Gauntlet | Found a large runed translucent door.
 10440 | Gauntlet | Found a runed translucent door.
 10440 | Gauntlet | Found a runed translucent door.
 10441 | Gauntlet | Found a large runed translucent door.
 10442 | Gauntlet | Found a large runed translucent door.
 10444 | Gauntlet | Found a transporter.
 10447 | Gauntlet | Found a transporter.
 10503 | Gauntlet | Killed a catoblepas
 10504 | Gauntlet | Reached skill level 9 in Stealth
 10633 | Gauntlet | Reached XP level 12. HP: 51/60 MP: 21/23
 10637 | Gauntlet | Found a large runed translucent door.
 10638 | Gauntlet | Found a large runed translucent door.
 10639 | Gauntlet | Found a large runed translucent door.
 10639 | Gauntlet | Found a large runed translucent door.
 11165 | Gauntlet | Killed a wretched star
 11172 | Gauntlet | Identified the ring of Balance {rN+ MP+9}
 11193 | Gauntlet | Noticed a minotaur
 11205 | Gauntlet | Killed a minotaur
 11593 | D:11     | Reached skill level 10 in Maces & Flails
 12201 | D:12     | Noticed a two-headed ogre
 12219 | D:12     | Reached skill level 10 in Stealth
 12232 | D:12     | Killed a two-headed ogre
 12893 | D:13     | Noticed a tengu warrior
 13021 | Lair:1   | Entered Level 1 of the Lair of Beasts
 13205 | Lair:1   | Noticed a five-headed hydra
 13215 | Lair:1   | Killed a five-headed hydra
 13388 | Lair:1   | Noticed Maggie
 13401 | Lair:1   | Killed Maggie
 13419 | Lair:1   | Reached XP level 13. HP: 64/64 MP: 25/25
 13428 | Lair:1   | Reached skill level 11 in Stealth
 13825 | Lair:2   | Noticed Urug
 13835 | Lair:2   | Killed Urug
 13899 | Lair:2   | Found a staircase to the Shoals.
 14943 | Lair:3   | Reached skill level 12 in Stealth
 14998 | Lair:3   | Upgraded the game from 0.27-a0-1532-gca18f49f40 to
                  | 0.27-a0-1548-gf8a67e7463
 15036 | Lair:3   | Found a hole to the Spider Nest.
 15387 | Lair:4   | Found a dark tunnel.
 15396 | Volcano  | Entered a volcano
 15704 | Volcano  | Found a radiant altar of Vehumet.
 16107 | Volcano  | Identified the +0 helmet of Herisot {rF+}
 16293 | Lair:4   | Found a runed translucent door.
 16296 | Lair:4   | Found a shimmering altar of Xom.
 16296 | Lair:4   | Noticed Dittersdorf's ghost (journeyman GrFi)
 16297 | Lair:4   | Identified the +3 demon blade "Fydu Pac" {chaos, Int+4
                  | Dex+4}
 16363 | Lair:4   | Reached XP level 14. HP: 70/70 MP: 27/27
 16960 | Lair:5   | Reached skill level 13 in Stealth
 16987 | Lair:5   | You fall into a shaft and drop 1 floor!
 16987 | Lair:6   | Entered Level 6 of the Lair of Beasts
 17032 | Lair:6   | Found a staircase to the Slime Pits.
 17278 | Lair:6   | Noticed a dire elephant
 17279 | Lair:6   | Noticed a dire elephant
 17280 | Lair:6   | Noticed a dire elephant
 17280 | Lair:6   | Noticed a dire elephant
 17317 | Lair:6   | Noticed a dire elephant
 17334 | Lair:6   | Killed a dire elephant
 17887 | Lair:5   | Reached skill level 14 in Stealth
 19074 | Lair:6   | Noticed a dire elephant
 19097 | Lair:6   | Killed a dire elephant
 19161 | Lair:6   | Reached XP level 15. HP: 72/74 MP: 29/29
 19422 | Lair:6   | Identified the +11 morningstar "With Two Names" {vorpal,
                  | rCorr Str+4 Int+2 Dex-3}
 19517 | Lair:6   | Reached skill level 15 in Stealth
 20206 | D:4      | Killed DocClef's ghost
 20499 | D:10     | Killed indyram44's ghost
 20638 | D:13     | Found Tyhewnas's Book Shoppe.
 20743 | D:13     | Reached skill level 10 in Spellcasting
 21554 | D:14     | Noticed Azrael
 21572 | D:14     | Killed Azrael
 21651 | D:14     | You fall into a shaft and drop 1 floor!
 21651 | D:15     | Entered Level 15 of the Dungeon
 21681 | D:15     | Noticed Nessos
 21795 | D:14     | Found a gate to the Vaults.
 21868 | D:14     | Noticed Roxanne
 21879 | D:14     | Reached skill level 10 in Invocations
 22014 | D:14     | Killed Roxanne
 22076 | D:14     | Reached XP level 16. HP: 80/80 MP: 31/31
 22211 | D:14     | Noticed Frances
 22220 | D:14     | Killed Frances
 22719 | D:15     | Killed Nessos
 22843 | D:15     | Found a hide-covered altar of Uskayaw.
 22873 | D:15     | Reached skill level 16 in Stealth
 22921 | D:15     | Found Sidiceu's Jewellery Shop.
 22923 | D:15     | Found Sezxam's Magic Scroll Emporium.
 22923 | D:15     | Found Ebban's Book Shoppe.
 22925 | D:15     | Found Umemuukh's Jewellery Emporium.
 22925 | D:15     | Found Numiussa's General Store.
 22934 | D:15     | Noticed Kirke
 22941 | D:15     | Killed Kirke
 23083 | D:15     | Found an opulent altar of Gozag.
 23315 | D:15     | Found a staircase to the Depths.
 23830 | D:15     | Bought a ring of flight for 245 gold pieces
 23830 | D:15     | Bought the ring "Timyts" {Drain rElec Will+ Dex+6} for 1015
                  | gold pieces
 24072 | Orc:1    | Entered Level 1 of the Orcish Mines
 24312 | Orc:2    | Entered Level 2 of the Orcish Mines
 24493 | Orc:2    | Reached skill level 10 in Shields
 24532 | Orc:2    | Found a staircase to the Elven Halls.
 24757 | Orc:2    | Found Angol's Antique Weapon Emporium.
 24758 | Orc:2    | Found Gienubis's Distillery.
 24770 | Orc:2    | Reached skill level 5 in Dodging
 24791 | Orc:2    | Found Jaureu's Book Shop.
 24838 | Orc:2    | Found Wonaag's General Store.
 25151 | Orc:2    | Bought a scroll of teleportation for 39 gold pieces
 25151 | Orc:2    | Bought a +2 pair of gloves for 214 gold pieces
 25151 | Orc:2    | Bought a scroll of summoning for 123 gold pieces
 25237 | Elf:1    | Entered Level 1 of the Elven Halls
 25443 | Elf:1    | Reached XP level 17. HP: 85/85 MP: 32/32
 25522 | Elf:1    | Got the Grimoire of Companions
 25553 | Elf:1    | Reached skill level 17 in Stealth
 25808 | Spider:1 | Entered Level 1 of the Spider Nest
 26427 | Shoals:1 | Entered Level 1 of the Shoals
 26427 | Shoals:1 | Noticed Josephine
 26442 | Shoals:1 | Killed Josephine
 27177 | Shoals:1 | Found the +7 great mace "Firestarter" {inner flame, rF++}
 28329 | Spider:1 | Noticed Jorgrun
 28330 | Spider:1 | HP: 4/85 [jumping spider (5)]
 28330 | Spider:1 | Slain by a wolf spider

Illustrated notes

Levels and vault maps discovered:
D:1:      erik_arrival_blinker_ship, layout_loops_ring
D:2:      layout_basic, chequers_ecumenical_altar_grove
D:3:      layout_basic, mainiacjoe_overflow_concentric_impassable,
          dk_xom_monty_hall, mainiacjoe_overflow_catch_the_wave
D:4:      layout_cave_pools, gammafunk_ghost_nasty_kobolds, uniq_natasha,
          uniq_duvessa, uniq_blork_the_orc
D:5:      layout_rooms, nicolae_dithmenos_shadow_blocks, temple_green,
          chequers_serial_rivers_room_b, uniq_ijyb
D:6:      layout_cave_pools, serial_column_ruins, column_ruins_hut_ruined,
          column_ruins_grid_2, column_ruins_grid_1, column_ruins_open_tiny,
          column_ruins_open_tiny, column_ruins_open_medium,
          kennysheep_generic_room_3
D:7:      layout_basic, minmay_overflow_temple_hex,
          chequers_serial_rivers_large_b, dk_noncrumbling_2
D:8:      layout_cave_pods, okawaru_humans, david_lair_generic, uniq_pikel
D:9:      layout_grid_maze
D:10:     minmay_distorted_concentric_squares, layout_cave_pods,
          hiddenorc2_lemuel, ebering_ghost_disaster_area
D:11:     layout_irregular_city, gauntlet_entry_generic,
          chequers_serial_rivers_small_3, minmay_misc_feat_rows,
          water_maze_lemuel
D:12:     layout_roguey, serial_corexii_hall, chequers_hall_statues_y,
          chequers_hall_statues_corner_a, chequers_hall_statues_corner_a
D:13:     layout_grid_maze, serial_shops, nicolae_diamond_shop
D:14:     layout_small_grid, david_vaults_2, uniq_roxanne, uniq_azrael,
          uniq_frances
D:15:     hangedman_depths_entry_try_elsewhere_first, layout_loops_ring,
          nicolae_gozag_seed_capital, nicolae_wooded_promenade,
          minmay_misc_feat_four_crosses, eat_drink_and_be_merry_uskayaw,
          uniq_kirke, uniq_nessos
Temple:   eino_wide_crystal_templ
Lair:1:   layout_roguey, grunt_megastairs_1, infiniplex_staircase_pool_2,
          uniq_maggie
Lair:2:   layout_hall_layers, minmay_shoals_entry_centaurs,
          serial_bayou_shore_a, uniq_urug
Lair:3:   layout_gridlike, nicolae_spider_entry_orb_guardian,
          grunt_megastairs_4, lemuel_fruit_fields, minmay_lair_oklob_chamber
Lair:4:   statuecave_lemuel, layout_long_grid, ebering_ghost_xom,
          nicolae_volcano_entry_lava_flow, beast_lair_carwin_7,
          infiniplex_staircase_pool
Lair:5:   layout_layer_cave, lemuel_fruit_fields
Lair:6:   due_jungle_book, layout_gridlike, minmay_slime_entry_oklob_open,
          st_stairs_7, chequers_serial_rivers_small_a, grunt_megastairs_3
Shoals:1: layout_shoals, nicolae_shoals_mertower, uniq_josephine
Shoals:2: layout_shoals
Spider:1: layout_spider_delve, uniq_jorgrun
Orc:1:    layout_caves
Orc:2:    st_orc_open, layout_caves
Elf:1:    elf_arrival_002, layout_gridlike, serial_shops, shop,
          minmay_elf_demonology, minmay_elf_necromancy

Skill      XL: |  1  2  3  4  5  6  7  8  9 10 11 12 13 14 15 16 17 |
---------------+----------------------------------------------------+-----
Fighting       | 3 4 5 6 7 8 |  8.2
Maces & Flails | 2 3 4 5 6 7 8 9 10 11 12 14 | 14.4
Spellcasting   | 1 2 3 4 5 6 7 8 9 10 11 | 11.1
Stealth        | 1 2 3 4 6 7 9 10 12 14 15 16 17 | 17.5
Shields        | 3 4 5 6 7 8 9 10 | 10.5
Armour         | 3 4 5 6 7 |  7.9
Dodging        | 1 2 3 4 5 |  5.2
Invocations    | 2 4 5 6 7 9 10 11 | 11.2

Action                   |  1- 3 |  4- 6 |  7- 9 | 10-12 | 13-15 | 16-18 || total
-------------------------+-------+-------+-------+-------+-------+-------++-------
Melee: Flail             |   134 |   107 |       |       |       |       ||   241
       Bite              |    22 |    48 |   154 |   238 |   499 |   182 ||  1143
       Mace              |       |    54 |   434 |    24 |       |       ||   512
       Whip              |       |       |       |   553 |   710 |       ||  1263
       Morningstar       |       |       |       |       |   218 |   396 ||   614
       Great mace        |       |       |       |       |       |    39 ||    39
Invok: Stomp             |       |       |       |     1 |       |       ||     1
       Line Pass         |       |       |       |     1 |       |       ||     1
       Grand Finale      |       |       |       |       |     1 |       ||     1
  Use: Scroll            |     2 |     4 |     5 |     9 |     6 |     4 ||    30
       Potion            |       |     3 |     5 |       |     2 |     2 ||    12
 Stab: Paralysed         |       |       |    13 |    39 |    76 |    38 ||   166
       Sleeping          |       |       |       |     5 |    18 |    20 ||    43
Armor: Scale mail        |    65 |    80 |   288 |   183 |   237 |   176 ||  1029
Dodge: Dodged            |    44 |    57 |   174 |   142 |   197 |   160 ||   774
Block: Kite shield       |    79 |   110 |   341 |   408 |   670 |   397 ||  2005
       Reflection        |       |       |       |    11 |    13 |    20 ||    44
       Other             |       |       |       |       |       |    10 ||    10

Table legend: (Time is in decaauts)
 A = Elapsed time spent in this place.
 B = Non-inter-level travel time spent in this place.
 C = Inter-level travel time spent in this place.
 D = Time resting spent in this place.
 E = Time spent auto-exploring this place.
 F = Levels seen in this place.
 G = Mean time per level.
                   A        B        C        D        E       F      G
               +--------+--------+--------+--------+--------+-----+--------+
         Total |  28419 |  26231 |   2188 |   2650 |  16604 |  30 |  947.3 |
       Dungeon |  16380 |  14944 |   1436 |    460 |  10754 |  15 | 1092.0 |
        Temple |     77 |     62 |     15 |      0 |     46 |   1 |   77.0 |
          Lair |   6967 |   6433 |    534 |    909 |   4109 |   6 | 1161.2 |
        Shoals |   1614 |   1548 |     66 |    310 |    847 |   2 |  807.0 |
   Spider Nest |     84 |     84 |      0 |      0 |     22 |   1 |   84.0 |
  Orcish Mines |   1185 |   1090 |     95 |      0 |    705 |   2 |  592.5 |
   Elven Halls |    354 |    315 |     39 |     72 |     57 |   1 |  354.0 |
       Volcano |    724 |    724 |      0 |    219 |     64 |   1 |  724.0 |
      Gauntlet |   1030 |   1030 |      0 |    680 |      0 |   1 | 1030.0 |
               +--------+--------+--------+--------+--------+-----+--------+

Top non-repeatable levels by time:
  Lair:6: 1734 daAuts
     D:1: 1447 daAuts
  Lair:3: 1431 daAuts
Shoals:1: 1421 daAuts
     D:7: 1316 daAuts
     D:3: 1281 daAuts
    D:10: 1263 daAuts
     D:8: 1247 daAuts
     D:9: 1185 daAuts
    D:15: 1168 daAuts
  Lair:5: 1112 daAuts
  Lair:2: 1070 daAuts
    D:11: 1068 daAuts
    D:13: 1042 daAuts
Gauntlet: 1030 daAuts
